Description

A variation of the original Zest build, adapted by HuShang, and finally adapted by me with the help of Hupsaiya to allow for a faster 3rd, a more complete demonstration of transition, and an aggressive potentially game-ending follow up.

Double Stargate Phoenix -> +1 Chargelot/Immortal/Sentry Push -> CAI + Storm -> OG Skytoss

Ladder game replay: https://lotv.spawningtool.com/66024/

HuShang: https://lotv.spawningtool.com/build/126982/

Zest/Gemini: https://lotv.spawningtool.com/build/75046/

VOD

https://www.youtube.com/watch?v=FR1_Oq85rb8

Replay - zaechus 2sg phoenix

Build Order

Why is there no SALT encoding or Overwolf build?

  13  0:03  Action  Send probe early to hatch block (optional)
  14  0:18  Pylon  @ Natural
  15  0:38  Gateway  Chrono probes
  16  0:47  Assimilator  Put one additional probe from the mineral line into the gas
    1:10  Action  Scout for 12 pool
  19  1:24  Nexus  @100% Chrono probes
  20  1:34  Cybernetics Core  
  21  1:43  Assimilator  
  22  1:53  Pylon  In main to hide tech
    2:01  Adept (Chrono Boost)  Send across
    2:19  Stargate  
    2:23  Adept (Chrono Boost)  Send across for 2 adept harass
    2:28  Warp Gate  
    2:52  Adept  
    3:15  Phoenix  Rally to kill OVs then scout
    3:17  Pylon  In main dead space
    3:20  Gateway  To finish natural wall and stop ling floods
    3:40  Oracle  Or Void Ray, rally to take 3rd base
    4:00  Stargate  
    4:01  Pylon  On main ramp
    4:05  Nexus  ========== 3rd ==========
    4:01  Pylon  @ 3rd, add battery when done; optionally add battery @ natural
    4:09  Phoenix (Chrono Boost)  
    4:15  Assimilator x2  
    4:45  Phoenix x2 (Chrono Boost)  
    5:10  Phoenix x2 (Chrono Boost)  
    5:30  Phoenix x2 (Chrono Boost)  
    6:00  Robotics Facility x2  At main ramp
    6:01  Forge  
    6:02  Twilight Council  
    6:05  Sentry x2  
    6:15  Sentry  
    7:00  Immortal x2 (Chrono Boost)  
    7:10  Protoss Ground Weapons Level 1 (Chrono Boost), Charge (Chrono Boost)  @100% Ground Weapons Level 2
    7:15  Gateway x6  Go to 8 gates and print zealots
    7:30  Immortal  Go to 8 maximum
    7:31  Warp Prism  Move out while prism building and rallied across the map
    8:00  Protoss Ground Weapons Level 2  
    8:30  Templar Archives  @100% Chrono Storm
    8:31  Nexus  
    8:32  Assimilator x2  
    9:30  Psionic Storm (Chrono Boost)  
    10:00  Fleet Beacon, Stargate, Protoss Air Weapons Level 1 (Chrono Boost)  
Spawning Tool Build Advisor. Get it on Overwolf

Analysis

Almost instantly send probe to hatch block.

Rally first probe to natural to build first pylon.

The first phoenix kills overlords and then scouts the opponent, and the oracle helps the adepts take the third. Once you have 4 phoenix, move out and start picking off overlords and stray queens while 4 more phoenix rally across to join the harass. After transitioning into double robo with twilight forge, you can hold a maximum of 12 phoenix at a time for mass phoenix.

Don't make more than 8 immortals. Don't keep more than 20ish chargelots in the main army as well. Other warped in zealots should be doing runbys.

Go into a 5th and skytoss.

Go to:

Details

  • Created by: Zaechus     
  • Published on: Jun 06, 2021
  • Modified on: Sep 14, 2021
  • Patch: 4.11.0
  • Difficulty: Hard
Show

Export as new Build Order

Comments (0)

There are no comments. Be the first!

Create an account to comment!